 Dungeon Crawl Stone Soup version 0.28-a0-948-gee6e0bcda6 (webtiles) character file.

Game seed: 13119514378352622891

313 Gargoyl the Skirmisher (level 6, -2/49 (53) HPs)
             Began as a Gnoll Abyssal Knight on Nov 30, 2021.
             Was a Believer of Lugonu.
             Slain by a wight (4 damage)
             ... on level 4 of the Dungeon.
             The game lasted 00:03:57 (2790 turns).

Gargoyl the Skirmisher (Gnoll Abyssal Knight)       Turns: 2790, Time: 00:03:58

HP:   -2/49 (53)    AC:  8    Str: 20    XL:     6   Next: 43%
MP:   9/9           EV: 12    Int: 10    God:    Lugonu [**....]
Gold: 126           SH:  7    Dex: 12    Spells: 9/9 levels left

rFire   . . .      SeeInvis .   f - +3 hand axe (drain)
rCold   . . .      Faith    .   l - +3 buckler
rNeg    . . .      Spirit   .   b - +1 leather armour
rPois   .          Reflect  .   h - +0 helmet
rElec   .          Harm     .   n - +1 cloak {rCorr}
rCorr   +          Rampage  .   (no gloves)
Will    .....                   (no boots)
Stlth   ++........              (no amulet)
HPRegen 0.16/turn               d - +6 ring of strength
MPRegen 0.11/turn               k - ring of flight

@: flying, drained
A: fangs 1, strong nose, distributed training
a: Renounce Religion, Depart the Abyss, Bend Space


You were on level 4 of the Dungeon.
You worshipped Lugonu.
Lugonu was pleased with you.
You visited 1 branch of the dungeon, and saw 4 of its levels.
You visited the Abyss 1 time.

You collected 126 gold pieces.

Inventory:

Hand Weapons
 a - a +1 hand axe
 f - a +3 hand axe of draining (weapon)
Armour
 b - a +1 leather armour (worn)
 h - a +0 helmet (worn)
 l - a +3 buckler (worn)
 n - a +1 cloak of preservation (worn)
Jewellery
 d - a +6 ring of strength (left hand)
 k - a ring of flight (right hand)
Wands
 p - a wand of iceblast (5)
Scrolls
 c - a scroll of enchant armour
 g - 2 scrolls of teleportation
Potions
 o - 2 potions of haste


   Skills:
 + Level 6.8 Fighting
 + Level 2.0 Short Blades
 + Level 2.0 Long Blades
 + Level 5.0 Axes
 + Level 2.0 Maces & Flails
 + Level 2.0 Polearms
 + Level 2.0 Staves
 + Level 2.0 Slings
 + Level 2.0 Bows
 + Level 2.0 Crossbows
 + Level 2.0 Throwing
 + Level 5.0 Armour
 + Level 3.2 Dodging
 + Level 2.0 Stealth
 + Level 2.0 Shields
 + Level 2.0 Unarmed Combat
 + Level 2.0 Spellcasting
 + Level 1.5 Conjurations
 + Level 1.5 Hexes
 + Level 1.5 Summonings
 + Level 1.5 Necromancy
 + Level 1.5 Translocations
 + Level 1.5 Transmutations
 + Level 1.5 Fire Magic
 + Level 1.5 Ice Magic
 + Level 1.5 Air Magic
 + Level 1.5 Earth Magic
 + Level 1.5 Poison Magic
 + Level 5.1 Invocations
 + Level 2.0 Evocations


You had 9 spell levels left.
You didn't know any spells.
Your spell library was empty.

Dungeon Overview and Level Annotations

Branches:
Dungeon (4/15)
 Temple: D:4-7

Altars:
Uskayaw

Shops:
D:1 [


Innate Abilities, Weirdness & Mutations

You have very sharp teeth.
Your uncanny sense of smell can sniff out nearby items.
Your experience applies equally to all skills.


Message History

You kill the goblin!
Lugonu accepts your kill.
Unknown command.
You see here a +0 club.
Unknown command.
Unknown command. 2 wights come into view.
A wight is wielding a +3 falchion of freezing.
A wight is wielding a +1 trident of distortion.
Found a stone staircase leading down.
A wight comes into view. It is wielding a +5 long sword.
The wight barely misses you.
The wight hits you with a +1 trident of distortion!
You feel drained. Space warps around you.
Unknown command.
You hit the wight but do no damage. You bite the wight, but do no damage.
The wight barely misses you.
You closely miss the wight. The wight completely misses you.
Unknown command.
You hit the wight.
The wight is lightly damaged.
The wight hits you with a +1 trident of distortion.
You blink.
Unknown command.
The wight barely misses you.
The wight hits you with a +1 trident of distortion!
You feel drained.
Unknown command.
You closely miss the wight.
The wight is lightly damaged.
The wight barely misses you.
Unknown command.
You hit the wight.
The wight is heavily damaged.
The wight hits you with a +1 trident of distortion!
You feel drained. Space warps horribly around you!
* * * LOW HITPOINT WARNING * * *
You hit the wight but do no damage.
The wight is heavily damaged.
The wight hits you with a +1 trident of distortion.
You die...

#. #.. ∆ ###..
#....#### #......
#### #....#. ....
#.##.#. ######..#
# #<.## #...@zz>#
#.... #.#######
#.### #.# ....#
#.# ..##.# #.# ..
#.. #.# #####.#
#.# #...# #.#
#############.#.#
#.#
#.............#.#


You could see 2 wights.

Vanquished Creatures
  Sigmund (D:2)
  A jelly (D:3)
  Crazy Yiuf (D:2)
  Robin (D:2)
  2 adders
  A worm (D:2)
  2 dart slugs
  5 orcs (D:3)
  4 ball pythons
  A bat (D:3)
  5 endoplasms
  A giant cockroach (D:1)
  17 goblins
  5 hobgoblins
  6 kobolds
  2 quokkas (D:1)
  A frilled lizard (D:2)
  2 rats
58 creatures vanquished.

Notes
Turn   | Place    | Note
-------+----------+-------------------------------------------
     0 | Abyss:1  | Gargoyl the Gnoll Abyssal Knight began the quest for the
                  | Orb.
     0 | Abyss:1  | Reached XP level 1. HP: 23/23 MP: 3/3
    17 | Abyss:2  | Found a corrupted altar of Lugonu.
    60 | Abyss:2  | Noticed an orb spider
    60 | Abyss:2  | Noticed a sixfirhy
    61 | Abyss:2  | Noticed a thrashing horror
    63 | D:1      | Escaped the Abyss
   173 | D:1      | Found Wosual's Antique Armour Shop.
   241 | D:1      | Reached * piety under Lugonu
   280 | D:1      | Reached XP level 2. HP: 23/29 MP: 5/5
   874 | D:2      | Reached XP level 3. HP: 35/35 MP: 6/6
   991 | D:2      | Noticed Robin
  1017 | D:2      | Killed Robin
  1018 | D:2      | Reached skill level 1 in Short Blades
  1018 | D:2      | Reached skill level 1 in Long Blades
  1018 | D:2      | Reached skill level 1 in Maces & Flails
  1018 | D:2      | Reached skill level 1 in Polearms
  1018 | D:2      | Reached skill level 1 in Staves
  1018 | D:2      | Reached skill level 1 in Slings
  1018 | D:2      | Reached skill level 1 in Bows
  1018 | D:2      | Reached skill level 1 in Crossbows
  1018 | D:2      | Reached skill level 1 in Throwing
  1018 | D:2      | Reached skill level 1 in Stealth
  1018 | D:2      | Reached skill level 1 in Shields
  1018 | D:2      | Reached skill level 1 in Unarmed Combat
  1018 | D:2      | Reached skill level 1 in Spellcasting
  1018 | D:2      | Reached skill level 1 in Evocations
  1019 | D:2      | Reached XP level 4. HP: 28/41 MP: 7/7
  1194 | D:2      | Found a runed translucent door.
  1195 | D:2      | Noticed Crazy Yiuf
  1454 | D:2      | Reached ** piety under Lugonu
  1515 | D:2      | Noticed Sigmund
  1564 | D:2      | Killed Sigmund
  1565 | D:2      | Reached skill level 1 in Conjurations
  1565 | D:2      | Reached skill level 1 in Hexes
  1565 | D:2      | Reached skill level 1 in Summonings
  1565 | D:2      | Reached skill level 1 in Necromancy
  1565 | D:2      | Reached skill level 1 in Translocations
  1565 | D:2      | Reached skill level 1 in Transmutations
  1565 | D:2      | Reached skill level 1 in Fire Magic
  1565 | D:2      | Reached skill level 1 in Ice Magic
  1565 | D:2      | Reached skill level 1 in Air Magic
  1565 | D:2      | Reached skill level 1 in Earth Magic
  1565 | D:2      | Reached skill level 1 in Poison Magic
  1565 | D:2      | Reached skill level 5 in Invocations
  1565 | D:2      | Reached XP level 5. HP: 10/47 MP: 8/8
  2022 | D:2      | Killed Crazy Yiuf
  2023 | D:2      | Reached XP level 6. HP: 52/53 MP: 9/9
  2079 | D:3      | Found a hide-covered altar of Uskayaw.
  2217 | D:3      | Reached skill level 5 in Axes
  2217 | D:3      | Reached skill level 5 in Armour
  2789 | D:4      | HP: 2/49 [wight (15)]
  2790 | D:4      | Slain by a wight

Illustrated notes

Levels and vault maps discovered:
D:1:      minmay_arrival_glassed_features, layout_basic, serial_shops,
          nicolae_shop_trees, minmay_misc_feat_four_crosses
D:2:      layout_basic, minmay_misc_feat_tower, uniq_robin, uniq_sigmund,
          uniq_crazy_yiuf_cottage
D:3:      layout_rooms, nicolae_uskayaw_dance_hall
D:4:      layout_basic, uniq_grinder, uniq_ijyb, uniq_blork_the_orc

Skill      XL: |  1  2  3  4  5  6 |
---------------+-------------------+-----
Short Blades   | 1 2 |  2.0
Long Blades    | 1 2 |  2.0
Maces & Flails | 1 2 |  2.0
Polearms       | 1 2 |  2.0
Staves         | 1 2 |  2.0
Slings         | 1 2 |  2.0
Bows           | 1 2 |  2.0
Crossbows      | 1 2 |  2.0
Throwing       | 1 2 |  2.0
Stealth        | 1 2 |  2.0
Shields        | 1 2 |  2.0
Unarmed Combat | 1 2 |  2.0
Spellcasting   | 1 2 |  2.0
Evocations     | 1 2 |  2.0
Dodging        | 3 |  3.2
Conjurations   | 1 |  1.5
Hexes          | 1 |  1.5
Summonings     | 1 |  1.5
Necromancy     | 1 |  1.5
Translocations | 1 |  1.5
Transmutations | 1 |  1.5
Fire Magic     | 1 |  1.5
Ice Magic      | 1 |  1.5
Air Magic      | 1 |  1.5
Earth Magic    | 1 |  1.5
Poison Magic   | 1 |  1.5
Invocations    | 5 |  5.1
Axes           | 5 |  5.0
Armour         | 5 |  5.0
Fighting       | |  6.8

Action                   |  1- 3 |  4- 6 || total
-------------------------+-------+-------++-------
Melee: Hand axe          |    56 |    75 ||   131
       Bite              |     3 |     9 ||    12
       Punch             |       |     1 ||     1
Invok: Depart the Abyss  |     1 |       ||     1
  Use: Scroll            |     3 |     7 ||    10
       Potion            |     1 |     1 ||     2
 Stab: Sleeping          |       |     1 ||     1
Armor: Leather armour    |    12 |    16 ||    28
Dodge: Dodged            |    38 |    42 ||    80
Block: Buckler           |       |    14 ||    14

Table legend: (Time is in decaauts)
 A = Elapsed time spent in this place.
 B = Non-inter-level travel time spent in this place.
 C = Inter-level travel time spent in this place.
 D = Time resting spent in this place.
 E = Time spent auto-exploring this place.
 F = Levels seen in this place.
 G = Mean time per level.
                   A        B        C        D        E       F      G
               +--------+--------+--------+--------+--------+-----+--------+
         Total |   2798 |   2760 |     38 |    144 |   2103 |   6 |  466.3 |
       Dungeon |   2735 |   2697 |     38 |    144 |   2057 |   4 |  683.8 |
         Abyss |     62 |     62 |      0 |      0 |     46 |   2 |   31.0 |
               +--------+--------+--------+--------+--------+-----+--------+

Top non-repeatable levels by time:
     D:2: 1299 daAuts
     D:1: 692 daAuts
     D:3: 438 daAuts
     D:4: 305 daAuts
 Abyss:2: 46 daAuts
 Abyss:1: 16 daAuts
